 Dungeon Crawl Stone Soup version 0.29-a0-352-g0917bc69df (console) character file.

Game seed: 1461829807173212459

1979 raeri the Fighter (level 9, 0/75 HPs)
             Began as a Formicid Wanderer on Apr 24, 2022.
             Slain by a boulder beetle (21 damage)
             ... on level 6 of the Dungeon.
             The game lasted 00:11:13 (7541 turns).

raeri the Fighter (Formicid Wanderer)               Turns: 7541, Time: 00:11:14

Health: 0/75       AC: 16    Str: 22    XL:     9   Next: 43%
Magic:  10/10      EV:  6    Int: 10    God:
Gold:   227        SH:  0    Dex: 11    Spells: 10/10 levels left

rFire   + . .      SeeInvis +   y - +4 morningstar
rCold   . . .      Faith    .   (no shield)
rNeg    . . .      Spirit   .   q - +0 plate armour
rPois   .          Reflect  .   (helmet unavailable)
rElec   .          Harm     .   (no cloak)
rCorr   .          Rampage  .   p - +1 pair of gloves
Will    .....                   h - +0 pair of boots
Stlth   ..........              (no amulet)
HPRegen 0.22/turn               j - ring of protection from fire
MPRegen 0.12/turn               (no ring)

@: no status effects
A: permanent stasis, dig shafts and tunnels, antennae 3, four strong arms
a: Dig, Shaft Self


You were on level 6 of the Dungeon.
You visited 1 branch of the dungeon, and saw 6 of its levels.

You collected 276 gold pieces.
You spent 49 gold pieces at shops.

Inventory:

Hand Weapons
 a - a +4 falchion
 y - a +4 morningstar (weapon)
Missiles
 g - 10 poisoned darts (quivered)
Armour
 h - a +0 pair of boots (worn)
 p - a +1 pair of gloves (worn)
 q - a +0 plate armour (worn)
 x - the +0 cloak "Pepnuwka" {*Corrode rElec rC+++ Will++}
   (You found it on level 5 of the Dungeon)

   rC:        It renders you almost immune to cold.
   rElec:     It insulates you from electricity.
   *Corrode:  It may corrode you when you take damage.
   Will:      It greatly increases your willpower.
Jewellery
 j - a ring of protection from fire (left hand)
 l - a ring of fire
Wands
 d - a wand of iceblast (16)
 t - a wand of acid (4)
Scrolls
 b - 3 scrolls of vulnerability
 e - 2 scrolls of amnesia
 k - 2 scrolls of fog
 o - a scroll of holy word {unknown}
 s - 2 scrolls of enchant armour
 u - a scroll of enchant weapon
 w - a scroll of fear {unknown}
Potions
 c - 4 potions of heal wounds
 f - 2 potions of brilliance {unknown}
 i - 5 potions of curing {unknown}
 m - 2 potions of might {unknown}
 n - 3 potions of mutation
 r - a potion of cancellation
 v - a potion of flight
 z - 2 potions of magic {unknown}


   Skills:
 + Level 8.9 Fighting
 - Level 2.0 Long Blades
 * Level 4.1 Maces & Flails
 - Level 3.0 Throwing
 - Level 7.0 Armour
 - Level 2.0 Unarmed Combat
 - Level 1.1 Spellcasting
 - Level 4.0 Evocations


You had 10 spell levels left.
You didn't know any spells.
Your spell library contained the following spells:

 Spells                   Type           Power      Damage    Failure   Level
 Inner Flame              Hex/Fire       0%         N/A       100%        3
 Ozocubu's Armour         Ice            0%         N/A       100%        3
 Summon Guardian Golem    Hex/Summ       0%         N/A       100%        3
 Cause Fear               Hex            0%         N/A       100%        4
 Orb of Destruction       Conj           0%         9d5       100%        7
 Ozocubu's Refrigeration  Ice            0%         4d5       100%        7
 Spellforged Servitor     Conj/Summ      0%         N/A       100%        7
 Discord                  Hex            0%         N/A       100%        8


Dungeon Overview and Level Annotations

Branches:
Dungeon (6/15)
 Temple: D:4-7

Altars:
Vehumet

Shops:
D:5 *


Innate Abilities, Weirdness & Mutations

You cannot be hasted, slowed, berserked, paralysed or teleported.
You can dig through walls and to a lower floor.
You have a pair of large antennae on your head. (SInv)
Your four strong arms can wield two-handed weapons with a shield.


Message History

The boulder beetle is lightly wounded.
The boulder beetle bites you!
Aiming: Corrosive Bolt
Press: ? - help, Shift-Dir - straight line, f/p - boulder beetle
Aim: a boulder beetle (lightly wounded, very poisoned, 100% to hit)
The bolt of acid hits the boulder beetle.
The acid corrodes the boulder beetle!
The boulder beetle is moderately wounded.
The boulder beetle bites you but does no damage.
You barely miss the boulder beetle.
The boulder beetle is moderately wounded.
The boulder beetle bites you but does no damage.
You hit the boulder beetle.
The boulder beetle is moderately wounded.
The boulder beetle bites you!
The boulder beetle bites you but does no damage.
You thump the boulder beetle!
The boulder beetle is severely wounded.
The boulder beetle bites you!
You sock the boulder beetle!
The boulder beetle is severely wounded.
The boulder beetle bites you!
* * * LOW HITPOINT WARNING * * *
Throw: 12 darts (poison)
Press: ? - help, Q - select action, (/) - cycle Shift-Dir - straight line, f/p - boulder beetle
Aim: a boulder beetle (almost dead, poisoned, covered in acid, 90% to hit)
You throw a poisoned dart.
The poisoned dart hits the boulder beetle.
The boulder beetle is almost dead.
The boulder beetle bites you but does no damage.
Throw: 11 darts (poison)
Press: ? - help, Q - select action, (/) - cycle Shift-Dir - straight line, f/p - boulder beetle
Aim: a boulder beetle (almost dead, poisoned, covered in acid, 90% to hit)
You throw a poisoned dart.
The poisoned dart hits the boulder beetle.
The boulder beetle looks even sicker.
The boulder beetle is almost dead.
The boulder beetle is no longer covered in acid.
The boulder beetle bites you!!
You die...

....# #...# ##.#
....###.######..#
.............#..#
....########.#..###
..................##
....##########..#..###
....##### #<..#...#
##......# #..#.#####
#..####..# #.##@# ...#
.....(B..# )#.###
...[.##### .#...##
#..(○ ####..####..
.........#[
####..##.###
##.##...## #.####..###


You could see a boulder beetle (very poisoned).

Vanquished Creatures
  Maggie (D:5)
  2 ice beasts
  A sky beast (D:6)
  3 black bears
  2 ogres (D:5)
  A centaur (D:5)
  A kobold brigand (D:6)
  3 necrophages
  A gnoll shaman (D:5)
  3 hounds
  A jelly (D:5)
  2 orc priests (D:4)
  Terence (D:2)
  7 iguanas
  An orc wizard (D:5)
  8 gnolls
  4 adders
  3 worms (D:2)
  4 dart slugs
  10 orcs
  10 ball pythons
  4 endoplasms
  2 giant cockroaches
  7 goblins
  5 hobgoblins
  2 quokkas (D:2)
  9 bats
  2 frilled lizards
  11 kobolds
  5 rats
116 creatures vanquished.

Notes
Turn   | Place    | Note
-------+----------+-------------------------------------------
     0 | D:1      | raeri the Formicid Wanderer began the quest for the Orb.
     0 | D:1      | raeri set off with the following items: a +3 falchion, a
                  | scroll of vulnerability, a potion of heal wounds, a +0
                  | leather armour
     0 | D:1      | Reached XP level 1. HP: 16/16 MP: 2/2
   381 | D:1      | Reached XP level 2. HP: 23/23 MP: 3/3
   403 | D:1      | Reached skill level 1 in Throwing
   918 | D:2      | Noticed Terence
  1069 | D:1      | Reached skill level 3 in Fighting
  1069 | D:1      | Reached XP level 3. HP: 8/29 MP: 4/4
  1323 | D:2      | Found a radiant altar of Vehumet.
  1622 | D:2      | Killed Terence
  1623 | D:2      | Reached skill level 1 in Evocations
  1623 | D:2      | Reached XP level 4. HP: 34/37 MP: 5/5
  1651 | D:2      | Found a faded altar of an unknown god.
  2556 | D:3      | Reached skill level 4 in Fighting
  2635 | D:3      | Reached XP level 5. HP: 41/42 MP: 6/6
  3637 | D:4      | Reached XP level 6. HP: 42/48 MP: 7/7
  3817 | D:4      | Noticed a black bear
  4026 | D:4      | Noticed an ice beast
  4064 | D:4      | Killed an ice beast
  4065 | D:4      | Reached skill level 5 in Fighting
  4091 | D:4      | Noticed a black bear
  4110 | D:4      | Killed a black bear
  4111 | D:4      | Reached skill level 6 in Fighting
  4111 | D:4      | Reached XP level 7. HP: 48/58 MP: 8/8
  4618 | D:5      | Entered Level 5 of the Dungeon
  4877 | D:5      | Reached XP level 8. HP: 58/65 MP: 9/9
  5036 | D:5      | Reached skill level 7 in Fighting
  5036 | D:5      | Reached skill level 5 in Armour
  5423 | D:5      | Found Lemiag's General Store.
  5433 | D:5      | Bought a scroll of amnesia for 49 gold pieces
  5613 | D:5      | Identified the +0 cloak "Pepnuwka" {*Corrode rElec rC+++
                  | Will++}
  6413 | D:6      | Noticed Maggie
  6427 | D:5      | Killed Maggie
  6428 | D:5      | Reached skill level 8 in Fighting
  6428 | D:5      | Reached XP level 9. HP: 21/74 MP: 10/10
  6745 | D:5      | Reached skill level 1 in Maces & Flails
  7529 | D:6      | Noticed a boulder beetle
  7541 | D:6      | Slain by a boulder beetle

Illustrated notes

Levels and vault maps discovered:
D:1:      dpeg_arrival_simpleton_a, layout_basic, serial_corexii_hall,
          corexii_hall_statues_s, chequers_hall_statues_y
D:2:      wander_river, layout_rooms, basic_altar,
          chequers_ecumenical_altar_island, st_stairs_10, minivault_14,
          uniq_terence
D:3:      layout_loops_corners, minivault_23
D:4:      layout_basic, minmay_misc_feat_columns, hex_intersection, minivault_5,
          minivault_1, kennysheep_crisscross, kennysheep_generic_room_14
D:5:      layout_gridville, serial_shops, shop
D:6:      layout_rooms, uniq_maggie

Skill      XL: |  1  2  3  4  5  6  7  8  9 |
---------------+----------------------------+-----
Throwing       | 1 2 3 |  3.0
Fighting       | 3 4 6 8 |  8.9
Evocations     | 1 2 3 4 |  4.0
Armour         | 4 6 7 |  7.0
Maces & Flails | 4 |  4.1
Long Blades    | |  2.0
Unarmed Combat | |  2.0
Spellcasting   | |  1.1

Action                   |  1- 3 |  4- 6 |  7- 9 || total
-------------------------+-------+-------+-------++-------
Melee: Falchion          |    83 |   129 |   133 ||   345
       Punch             |     4 |     4 |    10 ||    18
       Morningstar       |       |       |    93 ||    93
Throw: Dart              |     7 |    15 |    24 ||    46
Evoke: Wand              |       |       |     7 ||     7
  Use: Scroll            |       |    12 |     2 ||    14
       Potion            |       |     1 |       ||     1
Armor: Leather armour    |    30 |       |       ||    30
       Plate armour      |    12 |   115 |   213 ||   340
Dodge: Dodged            |    56 |    56 |    85 ||   197

Table legend: (Time is in decaauts)
 A = Elapsed time spent in this place.
 B = Non-inter-level travel time spent in this place.
 C = Inter-level travel time spent in this place.
 D = Time resting spent in this place.
 E = Time spent auto-exploring this place.
 F = Levels seen in this place.
 G = Mean time per level.
                   A        B        C        D        E       F      G
               +--------+--------+--------+--------+--------+-----+--------+
         Total |   7667 |   7358 |    309 |   2841 |   3046 |   6 | 1277.8 |
       Dungeon |   7667 |   7358 |    309 |   2841 |   3046 |   6 | 1277.8 |
               +--------+--------+--------+--------+--------+-----+--------+

Top non-repeatable levels by time:
     D:5: 2053 daAuts
     D:4: 1507 daAuts
     D:3: 1315 daAuts
     D:1: 1288 daAuts
     D:2: 827 daAuts
     D:6: 675 daAuts
